AoeStats
← SC_Dead Rabbit "The original"

Arabia

509276155Analyzed
1v1 RM · 7d ago on Sep 26, 2026· 69m 50s· 2 players
Game mode
Random Map
Map size
Tiny (2 player)
Population
200
Speed
Normal
Resources
Standard
Victory
Conquest
Starting age
Dark Age
Ending age
Imperial Age
RankedLock teamsTeams togetherTeam positionsShared explorationLock speedFull tech treeHidden civsTurbo modeCheats
Victory
Defeat
🇨🇴 Spanish · Colombia
930
+15
906
-15
SC_Dead Rabbit "The original"
7:35 Loom
9:56 Feudal Age
14:40 Scale Barding Armor
20:13 Double-Bit Axe
23:41 Castle Age
22:33 Horse Collar
22:47 Gold Mining
24:32 Bloodlines
27:12 Chain Barding Armor
31:52 Gold Shaft Mining
34:15 Thumb Ring
34:27 Husbandry
39:17 Fletching
40:56 Bodkin Arrow
41:36 Heavy Plow
42:25 Ballistics
47:09 Imperial Age
46:01 Bow Saw
55:38 Parthian Tactics
60:22 Crop Rotation
61:05 Wheelbarrow
65:32 Heavy Cavalry Archer
67:43 Light Cavalry
Cid Campeador
5:51 Loom
9:44 Feudal Age
10:26 Double-Bit Axe
13:52 Forging
16:45 Town Watch
22:06 Gold Mining
23:35 Bloodlines
26:03 Castle Age
25:42 Stone Mining
26:34 Pikeman
28:44 Iron Casting
28:15 Scale Barding Armor
31:34 Stone Shaft Mining
31:20 Bow Saw
40:39 Imperial Age
38:04 Elite Skirmisher
40:46 Town Patrol
41:22 Wheelbarrow
42:37 Two-Man Saw
41:51 Fervor
42:27 Fletching
43:37 Blast Furnace
45:02 Halberdier
45:43 Squires
45:45 Bodkin Arrow
45:55 Padded Archer Armor
46:15 Chain Barding Armor
48:00 Redemption
48:05 Block Printing
48:16 Illumination
51:59 Chemistry
51:20 Ballistics
51:15 Bracer
51:17 Scale Mail Armor
50:59 Light Cavalry
51:57 Cavalier
58:04 Bloodlines
57:55 Husbandry
62:46 Hussar
Connection lost

Rejoining the realm…

Still unreachable

The connection could not be restored.

Session expired

The server has moved on; the page needs a fresh start.